 Dungeon Crawl Stone Soup version 0.20.1-1-g8b1a95d (console) character file.

243 hilaritas the Chopper (level 5, 0/46 HPs)
             Began as a Centaur Fighter on Mar 3, 2018.
             Slain by a two-headed ogre
             ... wielding a +0 giant club
              (5 damage)
             ... on level 4 of the Dungeon.
             The game lasted 00:05:41 (3120 turns).

hilaritas the Chopper (Centaur Fighter)             Turns: 3120, Time: 00:05:42

Health: 0/46       AC:  5    Str: 23    XL:     5   Next: 82%
Magic:  5/5        EV:  6    Int:  7    God:
Gold:   211        SH: 10    Dex: 10    Spells: 4/4 levels left

rFire    . . .     SeeInvis .   a - +0 war axe
rCold    . . .     Gourm    .   c - +1 shield
rNeg     . . .     Faith    .   m - +0 ring mail
rPois    .         Spirit   .   (no helmet)
rElec    .         Reflect  .   (no cloak)
rCorr    .         Harm     .   (no gloves)
MR       .....                  (no barding)
Stlth    ..........             (no amulet)
Regen    0.2/turn               (no ring)
MPRegen  0.1/turn               (no ring)

@: mighty, very quick
A: hooves 3, deformed body, speed 2, tough skin 3
a: no special abilities


You were on level 4 of the Dungeon.
You were not hungry.

You visited 1 branch of the dungeon, and saw 4 of its levels.

You collected 211 gold pieces.

Inventory:

Hand Weapons
 a - a +0 war axe (weapon)
 b - a +0 club
 q - a +0 hand axe
 t - a +1 whip of pain
Missiles
 l - 41 arrows
 v - 5 tomahawks (quivered)
Armour
 c - a +1 shield (worn)
 m - a +0 ring mail (worn)
Scrolls
 e - 2 scrolls of teleportation
 j - a scroll of remove curse
 p - a scroll of enchant armour
Potions
 h - 3 potions of curing
 n - a potion of lignification {unknown}
 o - 2 potions of invisibility
 r - a potion of flight
 s - a potion of brilliance {unknown}
Comestibles
 f - 6 bread rations
 g - 4 chunks of flesh
 i - 4 fruits
 k - 3 meat rations


   Skills:
 + Level 3.9 Fighting
 * Level 4.5 Axes
 - Level 2.1 Armour
 + Level 2.9 Shields


You had 4 spell levels left.
You didn't know any spells.

Dungeon Overview and Level Annotations

Branches:
Dungeon (4/15)
 Temple: D:4-7

Altars:
Nemelex Xobeh
Xom
The Shining One


Innate Abilities, Weirdness & Mutations

You have hooves in place of feet.
Armour fits poorly on your strangely shaped body.
You cover ground very quickly.
You have extremely tough skin. (AC +3)


Message History

You block the two-headed ogre's attack. x2
You barely miss the two-headed ogre. You kick the two-headed ogre.
The two-headed ogre is lightly wounded.
The two-headed ogre hits you with a giant club!!
Ouch! That really hurt!
The two-headed ogre hits you with a giant club!!
* * * LOW HITPOINT WARNING * * *
You feel much better.
The two-headed ogre hits you with a giant club!
* * * LOW HITPOINT WARNING * * *
The two-headed ogre barely misses you.
You feel very mighty all of a sudden. You block the two-headed ogre's attack.
The two-headed ogre completely misses you.
You barely miss the two-headed ogre. You kick the two-headed ogre.
The two-headed ogre is lightly wounded.
The two-headed ogre hits you with a giant club.
* * * LOW HITPOINT WARNING * * *
The two-headed ogre hits you with a giant club.
You die...

#*.....................#
#...#
#*[............#.###...#
#...# #*.............#.#
#...# #....
#*.............#.# #...#
###.. *.............#.#
##### #..
*.............#.# #..
*.........(...#.# #..
*.............#.# #..
**,,,,,,,,,,,,,#.# ###
*,,,,,,,,***+**#.#
,,,,,,,,,* *,,*#@#
,,,,,,,,,****,*#O#**
,,,,,,,,,,,,,,,..(,*
,,,,,********,##.#.*
,,,,,,,,,,,,,,,..#.#***
,,,,,*********,#.#,.,,*
,,,,,* *,..#*##,***
,,,,,* ***..#***,,,*
,,,,,* *,,,,,,,*,,,*
,,,,,* *,,,>,,,*,,,*
****** ******
*,,,,,,,*,,,* *,,,,,


You could see a two-headed ogre.

Vanquished Creatures
  An ogre (D:4)
  An iguana (D:4)
  2 worker ants (D:4)
  4 adders
  A worm (D:3)
  A dart slug (D:1)
  A leopard gecko (D:2)
  An orc (D:3)
  5 giant cockroaches
  9 goblins
  2 hobgoblins
  6 jackals
  4 kobolds
  A ball python (D:1)
  A bat (D:1)
  4 frilled lizards
  A leopard gecko skeleton (D:4)
  4 rats
49 creatures vanquished.

Notes
Turn   | Place    | Note
-------+----------+-------------------------------------------
     0 | D:1      | hilaritas the Centaur Fighter began the quest for the Orb.
     0 | D:1      | Reached XP level 1. HP: 19/19 MP: 1/1
   132 | D:1      | Reached skill level 2 in Axes
   179 | D:1      | Reached XP level 2. HP: 26/26 MP: 2/2
   763 | D:2      | Reached XP level 3. HP: 31/31 MP: 3/3
  1075 | D:2      | Found a shimmering altar of Xom.
  1268 | D:2      | Found a glowing golden altar of the Shining One.
  1602 | D:2      | HP: 3/31 [adder (3)]
  1623 | D:2      | HP: 3/31 [poisoned by an adder]
  1629 | D:2      | HP: 2/31 [poisoned by an adder]
  2163 | D:3      | Reached skill level 3 in Axes
  2163 | D:3      | Reached XP level 4. HP: 38/38 MP: 4/4
  2299 | D:3      | Found a sparkling altar of Nemelex Xobeh.
  2763 | D:4      | Noticed an ogre
  2769 | D:4      | Killed an ogre
  2769 | D:4      | Reached XP level 5. HP: 46/46 MP: 5/5
  2780 | D:4      | Reached skill level 4 in Axes
  3114 | D:4      | Noticed a two-headed ogre
  3117 | D:4      | HP: 4/46 [two-headed ogre/giant club (18)]
  3120 | D:4      | Slain by a two-headed ogre

Skill      XL: |  1  2  3  4  5 |
---------------+----------------+-----
Axes           | 2 3 4 |  4.5
Fighting       | |  3.9
Armour         | |  2.1
Shields        | |  2.9

Action                   |  1- 3 |  4- 6 || total
-------------------------+-------+-------++-------
Melee: War axe           |    91 |    51 ||   142
       Kick              |    19 |    16 ||    35
Throw: Tomahawk          |       |     1 ||     1
  Use: Scroll            |     6 |     2 ||     8
       Potion            |     3 |     2 ||     5
  Eat: Chunk             |     3 |     2 ||     5
Armor: Scale mail        |    21 |       ||    21
       Leather armour    |    19 |       ||    19
       Ring mail         |     7 |    17 ||    24
Dodge: Dodged            |    19 |    14 ||    33
Block: Shield            |    37 |    28 ||    65
